 Dungeon Crawl Stone Soup version 0.18.1-48-g4cf74bf (webtiles) character file.

371 Joat the Insei (level 6, -2/48 HPs)
             Began as a Draconian Transmuter on Aug 18, 2016.
             Slain by a rat (3 damage)
             ... in a sewer.
             The game lasted 00:13:09 (4702 turns).

Joat the Insei (Draconian Transmuter)               Turns: 4702, Time: 00:13:10

Health: -2/48      AC:  2    Str: 12    XL:     6   Next: 42%
Magic:  5/9        EV: 20    Int: 13    God:
Gold:   203        SH:  0    Dex: 19    Spells: 2 memorised, 5 levels left

rFire  . . .     SeeInvis .       - Unarmed
rCold  . . .     Gourm    .     (armour unavailable)
rNeg   . . .     Faith    .     (shield currently unavailable)
rPois  x         Spirit   .     (helmet currently unavailable)
rElec  .         Dismiss  .     (cloak currently unavailable)
rCorr  .         Reflect  .     (gloves currently unavailable)
SustAt .         Harm     .     (boots currently unavailable)
MR     .....                    (no amulet)
Stlth  ++........               (no ring)
                                (no ring)

@: spider-form (expiring), not resistant to hostile enchantments, unstealthy
A: unfitting armour, (cold-blooded), AC +6
a: End Transformation


You were in a sewer.
You were hungry.
You were a venomous arachnid creature.
You visited 1 branch of the dungeon, and saw 4 of its levels.
You also visited: Sewer.

You collected 203 gold pieces.

Inventory:

Missiles
 a - 51 arrows
Magical Staves
 n - an uncursed staff of energy
Jewellery
 m - a +2 ring of intelligence {unknown}
Wands
 f - a wand of digging (12/24)
 i - a wand of confusion (36/48)
 k - a wand of flame (7/48)
Scrolls
 d - 2 scrolls of enchant armour
 h - 5 scrolls of identify
 j - a scroll of fog
Potions
 e - 3 potions of curing
 l - 2 potions of magic {unknown}
Books
 b - a book of Changes

   Spells                             Type                      Level
   a - Beastly Appendage              Transmutation                1
   b - Sticks to Snakes               Transmutation                2
   c - Spider Form                    Transmutation/Poison         3
   d - Ice Form                       Ice/Transmutation            4
   e - Blade Hands                    Transmutation                5
Comestibles
 c - 3 bread rations
 g - 5 chunks of flesh


   Skills:
 + Level 2.2 Fighting
 + Level 2.4 Dodging
 * Level 6.2 Unarmed Combat
 - Level 2.0 Spellcasting
 + Level 2.2 Transmutations
 + Level 2.0 Poison Magic


You had 5 spell levels left.
You knew the following spells:

 Your Spells              Type           Power        Failure   Level  Hunger
a - Beastly Appendage     Trmt           #.....       28%         1    ##.....
b - Spider Form           Trmt/Pois      #.........   56%         3    ####...


Dungeon Overview and Level Annotations

Branches:
Dungeon (4/15)
 Temple: D:4-7

Altars:


Innate Abilities, Weirdness & Mutations

((Your plain brown scales are hard (AC +6).))
Your body does not fit into most forms of armour.
((You are cold-blooded and may be slowed by cold attacks.))


Message History

Drink which item? (? for menu, Esc to quit)
You feel better. The rat misses you.
The rat splashes around in the water.
The rat misses you. The ooze misses you.
The rat splashes around in the water.
The rat misses you. The rat completely misses you.
Unknown command.
You hit the ooze but do no damage.
The ooze is heavily wounded.
Your transformation is almost over.
You kill the rat!
The rat bites you.
* * * LOW HITPOINT WARNING * * *
The rat misses you. x2; The ooze barely misses you.
The rat closely misses you. The rat barely misses you.
Unknown command.
You hit the ooze.
The ooze is heavily wounded.
The rat closely misses you.
The rat barely misses you. x2; The ooze hits you.
* * * LOW HITPOINT WARNING * * *
The rat bites you.
You die...

#≈≈≈≈≈≈#
#≈≈≈≈≈≈
#≈≈≈≈≈≈#
#≈≈≈≈≈≈
#≈≈≈≈≈≈#
#≈≈≈≈≈≈
#≈≈≈≈≈≈#
#≈≈≈≈≈≈
#≈≈≈≈≈≈#
#≈≈≈≈≈≈
#≈≈≈≈≈≈#
#≈≈≈≈≈≈
#≈≈≈.≈≈#
#≈≈≈≈≈≈
#≈≈≈†J≈#
#≈≈≈≈≈≈
#..rsrr#
#≈≈≈≈≈≈
#≈.rrr≈#
#≈≈≈≈≈≈
#≈≈≈≈≈≈#
#≈≈≈≈≈≈
#≈≈≈≈≈≈#
#≈≈≈≈≈≈
#≈≈≈r≈≈#
#≈≈≈≈≈≈
#≈≈≈≈≈≈#
#≈≈≈≈≈≈
#r≈≈≈≈≈#
#≈≈≈÷≈≈
#≈..≈≈.#
#.≈..≈≈
#......#
#......


You could see an ooze and 8 rats.

Vanquished Creatures
  Jessica (D:3)
  Natasha (thrice) (D:3)
  2 worker ants (D:4)
  Robin (D:1)
  4 river rats (Sewer)
  9 adders
  3 worms
  A dart slug (D:2)
  2 giant geckos
  3 giant cockroaches
  13 goblins
  6 hobgoblins
  6 jackals
  3 quokkas
  6 ball pythons
  9 bats
  2 giant newts
  5 kobolds
  22 rats
101 creatures vanquished.

Notes
Turn   | Place    | Note
--------------------------------------------------------------
     0 | D:1      | Joat the Draconian Transmuter began the quest for the Orb.
     0 | D:1      | Reached XP level 1. HP: 16/16 MP: 3/3
    88 | D:1      | Reached XP level 2. HP: 23/23 MP: 5/5
   245 | D:1      | Reached skill level 4 in Unarmed Combat
   568 | D:1      | Reached XP level 3. HP: 9/28 MP: 6/6
  1669 | D:2      | Noticed Robin
  1747 | D:1      | Reached XP level 4. HP: 32/35 MP: 7/7
  1756 | D:1      | Killed Robin
  1756 | D:1      | Reached skill level 5 in Unarmed Combat
  2138 | D:2      | Learned a level 3 spell: Spider Form
  2747 | D:3      | Noticed Natasha
  2758 | D:3      | Killed Natasha
  2758 | D:3      | Reached XP level 5. HP: 26/40 MP: 5/8
  2776 | D:3      | Noticed Natasha
  2787 | D:3      | Killed Natasha
  2787 | D:3      | Reached skill level 1 in Poison Magic
  2990 | D:3      | Noticed Jessica
  3003 | D:3      | Killed Jessica
  3041 | D:3      | Noticed Natasha
  3053 | D:3      | Killed Natasha
  3646 | D:4      | Reached skill level 6 in Unarmed Combat
  3868 | D:4      | Reached XP level 6. HP: 19/48 MP: 7/9
  3897 | D:4      | Found a glowing drain.
  3918 | Sewer    | Entered a sewer
  4699 | Sewer    | HP: 1/48 [ooze (4)]
  4702 | Sewer    | Slain by a rat

Skill      XL: |  1  2  3  4  5  6 |
---------------+-------------------+-----
Unarmed Combat | 4 5 6 |  6.2
Poison Magic   | 1 2 |  2.0
Dodging        | 2 |  2.4
Fighting       | 2 |  2.2
Spellcasting   | |  2.0
Transmutations | |  2.2

Action                   |  1- 3 |  4- 6 || total
-------------------------+-------+-------++-------
Melee: Unarmed           |   152 |   244 ||   396
       Tailslap          |    11 |    19 ||    30
       Punch             |       |     2 ||     2
       Headbutt          |       |     5 ||     5
 Cast: Beastly Appendage |     1 |     5 ||     6
       Spider Form       |       |     2 ||     2
  Use: Scroll            |     4 |     6 ||    10
       Potion            |       |     4 ||     4
 Stab: Sleeping          |     1 |     1 ||     2
  Eat: Chunk             |     3 |     5 ||     8
       Bread ration      |       |     1 ||     1
Armor: Skin              |    49 |    57 ||   106
Dodge: Dodged            |    92 |   188 ||   280
